 Dungeon Crawl Stone Soup version 0.23.2-33-g5129a83184 (console) character file.

Game seed: 14773675312075178274

9400 FlyingSalmon the Basher (level 11, 0/66 HPs)
             Began as a Gargoyle Fighter on July 25, 2019.
             Was a Priest of the Shining One.
             Slain by a spiny frog (11 damage)
             ... on level 8 of the Dungeon.
             The game lasted 00:49:48 (14264 turns).

FlyingSalmon the Basher (Gargoyle Fighter)         Turns: 14264, Time: 00:49:48

Health: 0/66       AC: 19    Str: 22    XL:     11   Next: 45%
Magic:  11/11      EV:  8    Int: 10    God:    the Shining One [***...]
Gold:   622        SH: 13    Dex:  9    Spells: 10/10 levels left

rFire    + . .     SeeInvis .   C - +0 morningstar
rCold    . . .     Gourm    .   c - +1 shield
rNeg     + + .     Faith    .   d - +0 chain mail
rPois    ∞         Spirit   .   (no helmet)
rElec    +         Reflect  .   (no cloak)
rCorr    .         Harm     .   (no gloves)
MR       .....                  (no boots)
Stlth    ..........             (no amulet)
HPRegen  0.21/turn              u - ring of protection from fire
MPRegen  0.12/turn              (no ring)

@: very slightly contaminated, slowed, glowing, very slow
A: negative energy resistance 1, electricity resistance, unbreathing,
petrification resistance, rot immunity, AC +8
a: Divine Shield, Renounce Religion


You were on level 8 of the Dungeon.
You worshipped the Shining One.
The Shining One was most pleased with you.
You were hungry.

You visited 3 branches of the dungeon, and saw 13 of its levels.

You collected 700 gold pieces.
You spent 78 gold pieces at shops.

Inventory:

Hand Weapons
 a - a +0 flail
 i - a +0 quarterstaff of protection
 C - a +0 morningstar (weapon)
Missiles
 h - 365 stones (quivered)
Armour
 c - a +1 shield (worn)
 d - a +0 chain mail (worn)
Jewellery
 u - a ring of protection from fire (left hand)
Wands
 t - a wand of flame (13)
 B - a wand of paralysis (9)
 D - a wand of disintegration (9)
Scrolls
 b - 2 scrolls of fog {unknown}
 n - 2 scrolls of random uselessness
 p - a scroll of enchant weapon
 q - 2 scrolls of amnesia
 v - 3 scrolls of immolation {unknown}
 x - 8 scrolls of remove curse
 y - a scroll of brand weapon {unknown}
 z - 2 scrolls of teleportation {unknown}
Potions
 e - a potion of ambrosia
 g - a potion of cancellation
 j - 3 potions of magic
 k - 8 potions of curing
 l - a potion of might
 o - 2 potions of flight
 r - 2 potions of degeneration {unknown}
 s - a potion of heal wounds {unknown}
 w - a potion of mutation {unknown}
Comestibles
 f - 21 rations


   Skills:
 + Level 6.4 Fighting
 * Level 12.0 Maces & Flails
 * Level 8.2 Armour
 + Level 2.5 Dodging
 * Level 10.4 Shields
 + Level 1.1 Invocations


You had 10 spell levels left.
You didn't know any spells.
Your spell library contained the following spells:

 Spells                   Type           Power        Failure   Level  Hunger
 Animate Skeleton         Necr           N/A          99%         1    ##.....
 Beastly Appendage        Tmut           #.....       99%         1    ##.....
 Magic Dart               Conj           #...         99%         1    ##.....
 Pain                     Necr           #...         99%         1    ##.....
 Searing Ray              Conj           #.....       100%        2    ###....
 Sticks to Snakes         Tmut           #.......     100%        2    ###....
 Dazzling Spray           Conj/Hex       #.....       100%        3    ####...
 Regeneration             Chrm/Necr      #.........   100%        3    ####...
 Spider Form              Tmut/Pois      #.........   100%        3    ####...
 Vampiric Draining        Necr           #.........   100%        3    ####...
 Animate Dead             Necr           N/A          100%        4    #####..
 Force Lance              Conj/Tloc      #.......     100%        4    #####..
 Fulminant Prism          Conj/Hex       #.........   100%        4    #####..
 Ice Form                 Ice/Tmut       #.......     100%        4    #####..
 Iskenderun's Mystic Bla  Conj           #.......     100%        4    #####..
 Blade Hands              Tmut           #.........   100%        5    ######.


Dungeon Overview and Level Annotations

Branches:
Dungeon (11/15)            Temple (1/1) D:4            Lair (1/6) D:8
    Orc: D:9-12

Altars:
Ashenzari
Cheibriados
Dithmenos
Elyvilon
Fedhas
Gozag
Hepliaklqana
Kikubaaqudgha
Makhleb
Nemelex Xobeh
Okawaru
Qazlal
Ru
Sif Muna
Trog
Uskayaw
Vehumet
Wu Jian
Xom
Yredelemnul
Zin
The Shining One
Lugonu

Shops:
D:6 *   D:8 *

Annotations:
Lair:1 3 runed translucent doors, exclusion: 2 oklob plants, Gastronok; stultus's ghost, novice DsGl


Innate Abilities, Weirdness & Mutations

You are resistant to torment.
Your stone body is resilient. (AC +8)
You are immune to poison.
You resist negative energy. (rN+)
You are resistant to electric shocks. (rElec)
You can survive without breathing.
You are immune to petrification.
You are immune to rotting.


Message History

You thump the yak!
The yak is severely wounded.
You block the yak's attack. x2
You hit the yak but do no damage.
The yak is severely wounded.
You block the spiny frog's attack. The yak gores you!
* * * LOW HITPOINT WARNING * * *
The spiny frog barely misses you. The yak barely misses you.
Press: ? - help, v - describe, . - travel
Here: a spiny frog (haloed)
The floor, spattered with blood.
Blink to where?
Press: ? - help, Dir - move target cursor You are very lightly contaminated with residual magic.
As you read the scroll of blinking, it crumbles to dust.
The spiny frog stings you! The Shining One protects you from harm!
There is a stone staircase leading up here.
The spiny frog stings you!
You die...

#.###...................#.### #.
#................(......#...####.
#.##......................#.#....
#.####...........................
#(# #....................#.#.##.
#§# #....................#......
#.## #...........##.##.#.....#...
#..####...##.#...##.##...#.###.#.
##.........#..YF@#...÷)..........
###.....#......)).#####.........
#.....##.........)............
#.....##.###...###......#....#
####.#...#..##.....##......##....
.......)....#.......#......###...
............#.......#.......####.
..^...##..##..........#...#.## #.
......##...#.........##.#.#..# #.


You could see a yak and a spiny frog.

Vanquished Creatures
  A two-headed ogre (D:8)
  2 spiny frogs (Lair:1)
  A slime creature (D:8)
  A hippogriff (Lair:1)
  4 wyverns
  11 yaks
  Grum (D:8)
  2 hungry ghosts
  3 wargs
  2 water moccasins
  A sky beast (D:10)
  An orc warrior (D:11)
  2 ice beasts (D:5)
  2 phantoms
  A necrophage (D:9)
  5 ogres
  4 wolves
  3 centaurs
  3 crocodiles
  2 big kobolds
  5 bullfrogs
  A scorpion (D:10)
  4 killer bees (D:8)
  5 wights (D:9)
  3 howler monkeys (D:7)
  4 crimson imps
  2 centaur zombies
  10 orc priests
  5 hounds
  A jelly (D:9)
  10 orc wizards
  2 bullfrog skeletons (D:4)
  A centaur skeleton (D:9)
  5 worker ants
  3 iguanas
  A worker ant zombie (D:10)
  A howler monkey skeleton (D:6)
  14 gnolls
  7 adders
  5 oozes
  An adder skeleton (D:5)
  A worm (D:5)
  3 dart slugs
  6 leopard geckos
  24 orcs
  3 ball pythons
  9 bats
  4 giant cockroaches (D:1)
  9 goblins
  16 hobgoblins
  22 jackals
  17 kobolds
  4 quokkas
  7 frilled lizards
  A quokka skeleton (D:5)
  A quokka zombie (D:5)
  10 rats
279 creatures vanquished.

Vanquished Creatures (others)
  A plant (Lair:1)
1 creature vanquished.

Grand Total: 280 creatures vanquished

Notes
Turn   | Place    | Note
-------+----------+-------------------------------------------
     0 | D:1      | FlyingSalmon the Gargoyle Fighter began the quest for the
                  | Orb.
     0 | D:1      | Reached XP level 1. HP: 14/14 MP: 1/1
    18 | D:1      | Found a runed translucent door.
   129 | D:1      | Reached XP level 2. HP: 16/19 MP: 2/2
   247 | D:1      | Reached XP level 3. HP: 16/23 MP: 3/3
   999 | D:1      | Reached XP level 4. HP: 11/28 MP: 4/4
  1345 | D:2      | Reached skill level 3 in Maces & Flails
  1877 | D:2      | Found a stormy altar of Qazlal.
  1881 | D:2      | Found a white marble altar of Elyvilon.
  1883 | D:2      | Found a shadowy altar of Dithmenos.
  1892 | D:2      | Became a worshipper of Elyvilon the Healer
  1895 | D:2      | Found a radiant altar of Vehumet.
  1895 | D:2      | Found a sacrificial altar of Ru.
  1896 | D:2      | Found a hide-covered altar of Uskayaw.
  1897 | D:2      | Found an ancient bone altar of Kikubaaqudgha.
  1898 | D:2      | Found a burning altar of Makhleb.
  1899 | D:2      | Found a shattered altar of Ashenzari.
  1951 | D:2      | Reached XP level 5. HP: 32/32 MP: 5/5
  2409 | D:3      | Found a faded altar of an unknown god.
  3417 | D:3      | Reached skill level 4 in Maces & Flails
  3525 | D:3      | Found an iron altar of Okawaru.
  3525 | D:3      | Found a glowing golden altar of the Shining One.
  3533 | D:3      | Fell from the grace of Elyvilon
  3533 | D:3      | Became a worshipper of the Shining One
  3572 | D:3      | Reached XP level 6. HP: 38/38 MP: 6/6
  3664 | D:3      | Reached skill level 5 in Shields
  3787 | D:4      | Reached skill level 1 in Dodging
  3924 | D:4      | Found a staircase to the Ecumenical Temple.
  4090 | D:4      | Found a bloodstained altar of Trog.
  4115 | D:4      | Found a shattered altar of Ashenzari.
  4255 | D:5      | Entered Level 5 of the Dungeon
  4280 | D:5      | Noticed a phantom
  4313 | D:5      | Killed a phantom
  4557 | D:5      | Reached XP level 7. HP: 35/43 MP: 7/7
  4615 | D:5      | Reached skill level 5 in Maces & Flails
  5130 | D:5      | Noticed a wyvern
  5143 | D:5      | Killed a wyvern
  5257 | D:5      | Reached * piety under the Shining One
  5346 | D:5      | Reached skill level 6 in Maces & Flails
  5409 | D:5      | Reached XP level 8. HP: 42/48 MP: 8/8
  5874 | D:6      | Reached skill level 7 in Maces & Flails
  6210 | D:6      | Found Gozag's Platinum Reserve.
  6235 | D:6      | Found an opulent altar of Gozag.
  6510 | D:6      | Reached skill level 8 in Maces & Flails
  6703 | D:6      | Reached skill level 5 in Armour
  6703 | D:6      | Reached XP level 9. HP: 45/53 MP: 9/9
  7839 | D:8      | Found Xululi's General Store.
  7929 | D:8      | Bought a potion of curing for 39 gold pieces
  7929 | D:8      | Bought a scroll of remove curse for 39 gold pieces
  7980 | D:8      | Found an opulent altar of Gozag.
  7986 | D:8      | Noticed a two-headed ogre
  8187 | D:7      | Reached skill level 5 in Fighting
  8209 | D:8      | Reached ** piety under the Shining One
  8567 | D:8      | Reached skill level 9 in Maces & Flails
  8755 | D:8      | Noticed Grum
  9162 | D:8      | Reached XP level 10. HP: 54/59 MP: 10/10
  9240 | D:8      | Killed Grum
  9253 | D:8      | Found a staircase to the Lair.
  9497 | D:8      | Killed a two-headed ogre
  9497 | D:8      | Reached skill level 10 in Maces & Flails
 10424 | D:9      | Reached skill level 1 in Invocations
 11078 | D:10     | Entered Level 10 of the Dungeon
 11482 | D:10     | Reached skill level 11 in Maces & Flails
 11860 | D:10     | Reached XP level 11. HP: 64/64 MP: 11/11
 11913 | D:10     | Reached *** piety under the Shining One
 11937 | D:10     | Reached skill level 10 in Shields
 13020 | Temple   | Entered the Ecumenical Temple
 13234 | Lair:1   | Entered Level 1 of the Lair of Beasts
 13703 | Lair:1   | Noticed stultus's ghost (novice DsGl)
 13733 | Lair:1   | Noticed a minotaur
 13742 | Lair:1   | Found a runed translucent gate.
 13742 | Lair:1   | Found a runed translucent gate.
 13742 | Lair:1   | Found a runed translucent gate.
 13748 | Lair:1   | Noticed an oklob plant
 13748 | Lair:1   | Noticed an oklob plant
 13753 | Lair:1   | Noticed Gastronok
 14091 | Lair:1   | Reached skill level 12 in Maces & Flails
 14263 | D:8      | The Shining One protects you from harm!
 14264 | D:8      | Slain by a spiny frog

Skill      XL: |  1  2  3  4  5  6  7  8  9 10 11 |
---------------+----------------------------------+-----
Shields        | 4 5 6 7 8 9 10 | 10.4
Maces & Flails | 3 4 6 8 9 11 12 | 12.0
Dodging        | 1 2 |  2.5
Fighting       | 4 5 6 |  6.4
Armour         | 4 5 6 7 8 |  8.2
Invocations    | 1 |  1.1

Action                   |  1- 3 |  4- 6 |  7- 9 | 10-12 || total
-------------------------+-------+-------+-------+-------++-------
Melee: Flail             |   159 |   356 |   362 |   457 ||  1334
       Quarterstaff      |       |       |     2 |       ||     2
       Morningstar       |       |       |       |    18 ||    18
Throw: Stone             |    25 |    58 |    66 |    41 ||   190
Invok: Divine Shield     |       |       |     1 |     4 ||     5
  Use: Scroll            |       |     3 |     6 |     6 ||    15
       Potion            |       |     1 |       |       ||     1
  Eat: Chunk             |     1 |    12 |    15 |    17 ||    45
       Ration            |       |       |       |     1 ||     1
Armor: Scale mail        |   101 |   164 |    55 |       ||   320
       Chain mail        |       |       |   100 |   149 ||   249
Dodge: Dodged            |    68 |   133 |    88 |    78 ||   367
Block: Shield            |    92 |   213 |   193 |   267 ||   765
